 Dungeon Crawl Stone Soup version 0.24-a0-434-gd57e52fea8 (webtiles) character file.

Game seed: 14647841090639666746

9 vurker the Chopper (level 2, 22/22 HPs)
             Began as a Demonspawn Gladiator on June 16, 2019.
             Got out of the dungeon alive.
             The game lasted 00:02:12 (85 turns).

vurker the Chopper (Demonspawn Gladiator)             Turns: 85, Time: 00:02:12

Health: 22/22      AC:  4    Str: 14    XL:     2   Next: 3%
Magic:  2/2        EV: 12    Int:  9    God:
Gold:   15         SH:  0    Dex: 14    Spells: 1/1 levels left

rFire    . . .     SeeInvis .   a - +0 war axe
rCold    . . .     Gourm    .   (no shield)
rNeg     . . .     Faith    .   b - +0 leather armour
rPois    .         Spirit   .   c - +0 helmet
rElec    .         Reflect  .   (no cloak)
rCorr    .         Harm     .   (no gloves)
MR       .....                  (no boots)
Stlth    +.........             (no amulet)
HPRegen  0.07/turn              (no ring)
MPRegen  0.08/turn              (no ring)

@: no status effects
A: claws 1
a: no special abilities


You escaped.
You were not hungry.

You visited 1 branch of the dungeon, and saw 1 of its levels.

You collected 15 gold pieces.

Inventory:

Hand Weapons
 a - a +0 war axe (weapon)
Missiles
 d - 3 throwing nets (quivered) {!f}
Armour
 b - a +0 leather armour (worn)
 c - a +0 helmet (worn)
Scrolls
 g - a scroll of enchant weapon {unknown}
Comestibles
 e - 2 rations {!d}
 f - 4 chunks of flesh


   Skills:
 + Level 2.2 Fighting
 * Level 3.1 Axes
 - Level 1.7 Throwing
 - Level 2.6 Dodging


You had one spell level left.
You didn't know any spells.
Your spell library was empty.

Dungeon Overview and Level Annotations

Branches:
Dungeon (1/15)

Altars:


Innate Abilities, Weirdness & Mutations

You have sharp fingernails.


Message History

You aren't carrying any potions.
Unknown command.
Okay, then.
Unknown command.
Saving game... please wait.
Warning: Bad warn_hatches value: flase (should be true or false) (~/.crawlrc:225) Welcome back, vurker the Demonspawn Gladiator.
Okay, then.
Okay, then.
Saving game... please wait.
Warning: Bad warn_hatches value: flase (should be true or false) (~/.crawlrc:225) Welcome back, vurker the Demonspawn Gladiator.
Unknown command.
Saving game... please wait.
Welcome back, vurker the Demonspawn Gladiator.
Okay, then.
Unknown command.
Unknown command.
Quiver which item? (- for none, * to show all) (? for menu, Esc to quit)
Okay, then.
Unknown command.
Unknown command.
Unknown command.
Unknown command.
Okay, then.
Saving game... please wait.
Welcome back, vurker the Demonspawn Gladiator.
Unknown command.
Quiver which item? (- for none, * to show all) (? for menu, Esc to quit)
Okay, then.
Unknown command.
Unknown command.
Quiver which item? (- for none, * to show all) (? for menu, Esc to quit)
Okay, then.
Unknown command.
Okay, then.
Okay, then.
Unknown command.
e - 2 rations {!d} (gained 1)
You see here a stone.
You see here a stone.
You see here a stone.
Things that are here:
a +0 club; a goblin skeleton
There is an open door here.
There is a staircase leading out of the dungeon here.
Are you sure you want to leave the Dungeon?
This will make you lose the game!
Alright, then stay!
Are you sure you want to leave the Dungeon?
This will make you lose the game!
You have escaped!

#.# ###.### #.....#
#.....### #.........
##.....####
#)รท....#
#############.######
+(....@.....'.#
###############


There were no monsters in sight!

Vanquished Creatures
  An ooze (D:1)
  A goblin (D:1)
  A kobold (D:1)
  A bat (D:1)
  A rat (D:1)
5 creatures vanquished.

Notes
Turn   | Place    | Note
-------+----------+-------------------------------------------
     0 | D:1      | vurker the Demonspawn Gladiator began the quest for the
                  | Orb.
     0 | D:1      | Reached XP level 1. HP: 16/16 MP: 1/1
    60 | D:1      | Reached skill level 3 in Axes
    60 | D:1      | Gained mutation: You have sharp fingernails. [demonic
                  | ancestry]
    60 | D:1      | Reached XP level 2. HP: 22/22 MP: 2/2
    85 | D:$      | Got out of the dungeon alive.

Levels and vault maps discovered:
D:1:      evilmike_arrival_run_for_it, layout_loops_ring, serial_glass,
          glass_columns_b, glass_columns_a, serial_bayou_pond_c

Skill      XL: |  1 |
---------------+----+-----
Axes           | 3 |  3.1
Fighting       | |  2.2
Throwing       | |  1.7
Dodging        | |  2.6

Action                   || total
-------------------------++-------
Melee: War axe           ||     7
Armor: Leather armour    ||     3
Dodge: Dodged            ||     7

Table legend:
 A = Non-vault XP
 B = Vault XP
 C = Vault XP percentage of total XP
 D = Non-vault monster count
 E = Vault monster count
 F = Vault count percentage of total count
                 A         B        C        D         E       F
            +---------+---------+-------+---------+---------+-------
      Total |      13 |       0 |   0.0 |       5 |       0 |   0.0
            +---------+---------+-------+---------+---------+-------
        D:1 |      13 |       0 |   0.0 |       5 |       0 |   0.0
            +---------+---------+-------+---------+---------+-------
